 Dungeon Crawl Stone Soup version 0.28-a0-1545-g945cd3f27e (webtiles) character file.

Game seed: 7534159621544759389

160 BritishOli the Skirmisher (level 5, -1/42 HPs)
             Began as a Demonspawn Monk on Jan 18, 2022.
             Slain by a hobgoblin (3 damage)
             ... on level 4 of the Dungeon.
             The game lasted 00:01:52 (2751 turns).

BritishOli the Skirmisher (Demonspawn Monk)         Turns: 2751, Time: 00:01:53

Health: -1/42      AC:  4    Str: 14    XL:     5   Next: 17%
Magic:  5/5        EV: 13    Int: 11    God:
Gold:   123        SH:  0    Dex: 15    Spells: 4/4 levels left

rFire   . . .      SeeInvis .   a - +0 falchion
rCold   . . .      Faith    .   (no shield)
rNeg    . . .      Spirit   .   b - +0 robe
rPois   .          Reflect  .   (no helmet)
rElec   .          Harm     .   (no cloak)
rCorr   .          Rampage  .   (no gloves)
Will    .....                   (no boots)
Stlth   ++........              (no amulet)
HPRegen 0.14/turn               (no ring)
MPRegen 0.09/turn               (no ring)

@: lethally poisoned (-1 -> -4)
A: yellow scales 1, demonic touch 1
a: no special abilities


You were on level 4 of the Dungeon.
You visited 1 branch of the dungeon, and saw 4 of its levels.

You collected 123 gold pieces.

Inventory:

Hand Weapons
 a - a +0 falchion (weapon)
Missiles
 i - a throwing net (quivered)
Armour
 b - a +0 robe (worn)
Jewellery
 h - a ring of wizardry
Scrolls
 c - a scroll of vulnerability {unknown}
 e - a scroll of teleportation {unknown}
 f - a scroll of noise {unknown}
 g - 4 scrolls of identify {unknown}
 l - 2 scrolls of fog {unknown}
 m - 2 scrolls of brand weapon {unknown}
Potions
 d - a potion of flight {unknown}
 j - a potion of berserk rage {unknown}
 k - 2 potions of heal wounds {unknown}


   Skills:
 + Level 3.9 Fighting
 + Level 3.5 Long Blades
 + Level 1.6 Armour
 + Level 3.5 Dodging
 - Level 2.1 Stealth


You had 4 spell levels left.
You didn't know any spells.
Your spell library was empty.

Dungeon Overview and Level Annotations

Branches:
Dungeon (4/15)
 Temple: D:4-7

Altars:

Shops:
D:2 !


Innate Abilities, Weirdness & Mutations

You are partially covered in yellow scales. (AC +2)
Your touch may inflict minor irresistible damage on your foes.


Message History

The adder bites you.
You are poisoned.
The adder poisons you!
A scorpion comes into view.
The adder bites you.
You are more poisoned.
The adder poisons you! The dart slug launches a dart at you.
The slug dart misses you. The hobgoblin barely misses you.
You feel very sick. The hound bites you. The hobgoblin hits you.
You feel sick.
You feel sick. The adder closely misses you. The hound completely misses you.
You feel sick.
You feel sick. The hound misses you.
You feel sick. The adder misses you.
You feel sick.
You miss the adder.
The adder is moderately wounded.
You feel sick.
You are no longer poisoned.
The adder bites you.
* * * LOW HITPOINT WARNING * * *
You are lethally poisoned!
The adder poisons you! The adder misses you.
Sorry, you're not good enough to have a special ability.
You hit the adder but do no damage. Your touch misses the adder.
The adder is moderately wounded.
* * * LOW HITPOINT WARNING * * *
You feel sick. The adder bites you but does no damage.
You hit the adder.
You touch the adder.
You kill the adder!
* * * LOW HITPOINT WARNING * * *
You feel sick.
The dart slug briefly extends its eye-stalks.
You hit the hobgoblin.
The hobgoblin is moderately wounded.
* * * LOW HITPOINT WARNING * * *
You feel sick. The hobgoblin completely misses you. The hobgoblin hits you.
You die...

#)..... #...... #...... #...)..
#...... #!..?..## ###
#.......##### ####.###
#.....†/...w#########......###
...........shg@..............##
.......########................
......? ##...#######.....
#...... ##### #..... ##..###
#...## #.. #..## ## #..# #..#
#..##


You could see a scorpion, a hound, a dart slug and a hobgoblin.

Vanquished Creatures
  A centaur skeleton (D:3)
  A howler monkey skeleton (D:4)
  5 adders
  3 dart slugs
  A worm (D:4)
  6 ball pythons
  7 bats
  6 endoplasms
  4 giant cockroaches
  7 goblins (D:2)
  6 hobgoblins
  5 kobolds
  A quokka (D:3)
  6 frilled lizards
  11 rats
70 creatures vanquished.

Notes
Turn   | Place    | Note
-------+----------+-------------------------------------------
     0 | D:1      | BritishOli the Demonspawn Monk began the quest for the Orb.
     0 | D:1      | Reached XP level 1. HP: 18/18 MP: 1/1
   225 | D:1      | Gained mutation: Your touch may inflict minor irresistible
                  | damage on your foes. [demonic ancestry]
   225 | D:1      | Reached XP level 2. HP: 19/24 MP: 2/2
  1026 | D:2      | Gained mutation: You are partially covered in yellow
                  | scales. (AC +2) [demonic ancestry]
  1026 | D:2      | Reached XP level 3. HP: 27/29 MP: 3/3
  1463 | D:2      | Found Hatidor's Distillery.
  1625 | D:2      | Reached skill level 1 in Armour
  1888 | D:2      | Reached XP level 4. HP: 35/35 MP: 4/4
  2697 | D:4      | Reached XP level 5. HP: 42/42 MP: 5/5
  2750 | D:4      | HP: 2/42 [poisoned by an adder]
  2751 | D:4      | Slain by a hobgoblin

Illustrated notes

Levels and vault maps discovered:
D:1:      noname_arrival_rooms_in_the_neighbourhood, layout_basic,
          kennysheep_pointless_box, chequers_garden, hex_intersection
D:2:      minmay_skewed_foursquare, layout_basic, serial_shops,
          nicolae_square_shop
D:3:      layout_rooms
D:4:      layout_layer_cave, lemuel_crystal_altar

Skill      XL: |  1  2  3 |
---------------+----------+-----
Stealth        | 2 |  2.1
Dodging        | 3 |  3.5
Long Blades    | 3 |  3.5
Armour         | 1 |  1.6
Fighting       | |  3.9

Action                   |  1- 3 |  4- 6 || total
-------------------------+-------+-------++-------
Melee: Falchion          |   100 |    91 ||   191
       Touch             |     9 |    17 ||    26
       Punch             |       |     1 ||     1
 Stab: Sleeping          |     7 |     3 ||    10
       Distracted        |     1 |       ||     1
Armor: Robe              |    20 |    29 ||    49
Dodge: Dodged            |    72 |   103 ||   175

Table legend: (Time is in decaauts)
 A = Elapsed time spent in this place.
 B = Non-inter-level travel time spent in this place.
 C = Inter-level travel time spent in this place.
 D = Time resting spent in this place.
 E = Time spent auto-exploring this place.
 F = Levels seen in this place.
 G = Mean time per level.
                   A        B        C        D        E       F      G
               +--------+--------+--------+--------+--------+-----+--------+
         Total |   2777 |   2729 |     48 |     91 |   2177 |   4 |  694.2 |
       Dungeon |   2777 |   2729 |     48 |     91 |   2177 |   4 |  694.2 |
               +--------+--------+--------+--------+--------+-----+--------+

Top non-repeatable levels by time:
     D:2: 1328 daAuts
     D:1: 924 daAuts
     D:3: 432 daAuts
     D:4: 92 daAuts
